 Dungeon Crawl Stone Soup version 0.28.0 (webtiles) character file.

Game seed: 387551254281400393

4912 Strat the Basher (level 10, -1/84 HPs)
             Began as a Palentonga Hunter on Feb 17, 2022.
             Was a Follower of Makhleb.
             Slain by a spriggan (2 damage)
             ... in a bailey.
             The game lasted 00:19:50 (15072 turns).

Strat the Basher (Palentonga Hunter)               Turns: 15072, Time: 00:19:50

Health: -1/84      AC: 16    Str: 19    XL:     10   Next: 27%
Magic:  13/13      EV:  8    Int: 12    God:    Makhleb [*.....]
Gold:   523        SH:  0    Dex: 17    Spells: 9/9 levels left

rFire   . . .      SeeInvis +   b - +0 battleaxe
rCold   . . .      Faith    .   (shield currently unavailable)
rNeg    . . .      Spirit   .   k - +0 scale mail
rPois   .          Reflect  .   (no helmet)
rElec   .          Harm     .   (no cloak)
rCorr   .          Rampage  .   j - +1 pair of gloves
Will    .....                   (no barding)
Stlth   ..........              (no amulet)
HPRegen 0.24/turn               y - +6 ring of dexterity
MPRegen 0.13/turn               (no ring)

@: studying Axes, curled up
A: large, rugged brown scales 3, see invisible, deformed body, roll 1, armoured
tail, reflexive curl
a: Rolling Charge, Renounce Religion


You were in a bailey.
You worshipped Makhleb.
Makhleb was aware of your devotion.
You visited 2 branches of the dungeon, and saw 11 of its levels.
You also visited: Ossuary and Bailey.

You collected 523 gold pieces.

Inventory:

Hand Weapons
 a - a +1 hunting sling
 b - a +0 battleaxe (weapon)
 c - a +0 morningstar
 e - a +0 short sword
 v - a +2 flail of holy wrath
 B - a +5 flail of freezing
Missiles
 d - 42 sling bullets
 h - 281 stones (quivered)
Armour
 j - a +1 pair of gloves (worn)
 k - a +0 scale mail (worn)
 t - a +0 chain mail
Jewellery
 y - a +6 ring of dexterity (left hand)
Wands
 D - a wand of paralysis (4)
Scrolls
 f - a scroll of enchant weapon
 i - a scroll of silence
 l - 4 scrolls of teleportation
 m - 2 scrolls of fear
 o - a scroll of vulnerability
 u - a scroll of summoning
 x - 2 scrolls of identify
 z - 2 scrolls of amnesia
 A - 2 scrolls of fog
 F - a scroll of magic mapping {unknown}
Potions
 g - a potion of ambrosia
 p - 2 potions of brilliance
 q - 4 potions of attraction
 r - 4 potions of degeneration
 s - 2 potions of mutation
 w - 2 potions of lignification
 E - a potion of haste {unknown}
Miscellaneous
 C - a piece from Xom's chessboard (15/15)


   Skills:
 + Level 7.0 Fighting
 + Level 5.3(8.6) Axes
 - Level 10.4(10.9) Maces & Flails
 - Level 2.9 Slings
 - Level 5.0 Armour
 - Level 1.5 Dodging
 - Level 0.5 Stealth
 + Level 5.1 Invocations


You had 9 spell levels left.
You didn't know any spells.
Your spell library contained the following spells:

 Spells                   Type           Power      Damage    Failure   Level
 Beastly Appendage        Tmut           0%         N/A       67%         1
 Magic Dart               Conj           0%         1d3       67%         1
 Call Imp                 Summ           0%         N/A       80%         2
 Wereblood                Tmut           0%         N/A       80%         2
 Mephitic Cloud           Conj/Pois/Air  0%         N/A       95%         3
 Spider Form              Tmut/Pois      0%         N/A       95%         3
 Tukima's Dance           Hex            0%         N/A       95%         3
 Passage of Golubria      Tloc           0%         N/A       100%        4
 Yara's Violent Unravell  Hex/Tmut       0%         3d3       100%        5
 Conjure Ball Lightning   Conj/Air       0%         3x3d6     100%        6
 Discord                  Hex            0%         N/A       100%        8
 Disjunction              Tloc           0%         N/A       100%        8


Dungeon Overview and Level Annotations

Branches:
Dungeon (10/15)            Temple (1/1) D:6            Lair (0/6) D:8
    Orc (0/2) D:10        Ossuary (visited)          Bailey (1/1)

Altars:
Ashenzari
Cheibriados
Dithmenos
Elyvilon
Fedhas
Gozag
Hepliaklqana
Kikubaaqudgha
Makhleb
Nemelex Xobeh
Okawaru
Qazlal
Ru
Sif Muna
Trog
Uskayaw
Vehumet
Wu Jian
Xom
Yredelemnul
Zin
The Shining One

Shops:
D:4 ?   D:10 [

Annotations:
D:7 2 transporters, a3don's ghost, amateur DsIE


Innate Abilities, Weirdness & Mutations

You are completely covered in rugged brown scales. (AC +3, +7% HP)
You have supernaturally acute eyesight. (SInv)
Armour fits poorly on your strangely shaped body.
You can roll at nearby foes to attack.
You have a long armoured tail.
You curl defensively after being hit. (AC +7*)


Message History

The ogre hits you with a +0 glaive!
* * * LOW HITPOINT WARNING * * *
The ogre closely misses you. The spriggan barely misses you.
Unknown command.
You feel much better. The ogre hits you with a +0 glaive!
* * * LOW HITPOINT WARNING * * *
The ogre barely misses you.
The spriggan hits you but does no damage.
You barely miss the ogre.
Your tail-slap misses the ogre.
The ogre is heavily wounded.
You barely miss the spriggan. You closely miss the ogre.
The ogre hits you with a +0 glaive!
* * * LOW HITPOINT WARNING * * *
The spriggan hits you with a +0 spear.
* * * LOW HITPOINT WARNING * * *
The ogre hits you but does no damage.
You hit the ogre.
The ogre is heavily wounded.
You closely miss the spriggan. You hit the ogre.
The spriggan splashes around in the water.
The ogre hits you with a +0 glaive!!
* * * LOW HITPOINT WARNING * * *
The ogre hits you with a +0 halberd!
* * * LOW HITPOINT WARNING * * *
You feel much better. The spriggan hits you with a +0 spear!
* * * LOW HITPOINT WARNING * * *
The ogre hits you with a +0 glaive!
* * * LOW HITPOINT WARNING * * *
You slice the ogre!!
You kill the ogre!
Makhleb accepts your kill.
You barely miss the ogre. You closely miss the spriggan.
The ogre barely misses you. The spriggan hits you with a +0 spear.
* * * LOW HITPOINT WARNING * * *
You barely miss the ogre. You tail-slap the ogre!
The ogre is moderately wounded.
You miss the spriggan. The spriggan hits you with a +0 spear!
* * * LOW HITPOINT WARNING * * *
The ogre hits you but does no damage. The spriggan hits you with a +0 spear.
You die...

#######
###.....###
##.........##
##...........##
#....∩...∩....#
##........)..##
##......@..##
###≈≈≈iO###
#≈≈≈≈≈# #≈≈≈≈≈#
#.......
#.........
#..####♣##..
..# #.. .# #..


You could see an ogre and a spriggan.

Vanquished Creatures
  A two-headed ogre (D:9)
  An unseen horror (D:10)
  A meliai (D:8)
  2 wyverns
  A wraith (Ossuary)
  2 yaks (D:8)
  2 steam dragons
  A vampire mosquito (D:7)
  An orc warrior (D:7)
  2 black bears
  An ice beast (D:7)
  A necrophage (D:4)
  2 ogres
  3 centaurs
  A phantom (D:5)
  4 bullfrogs
  A kobold brigand (D:7)
  2 scorpions
  A wyvern zombie (D:8)
  12 wights
  3 centaur zombies
  A hound (D:5)
  2 orc priests
  A human zombie (Ossuary)
  A jelly (D:7)
  A centaur skeleton (D:5)
  2 iguanas
  5 orc wizards
  A hound zombie (D:5)
  3 mummies (Ossuary)
  8 gnolls
  8 adders
  A white imp (D:8)
  2 ufetubi
  An adder skeleton (D:4)
  4 dart slugs
  16 orcs
  5 ball pythons
  9 bats
  10 endoplasms
  4 giant cockroaches
  12 goblins
  3 hobgoblins
  8 kobolds
  3 frilled lizards
  4 goblin zombies
  3 hobgoblin zombies (Ossuary)
  4 kobold zombies (Ossuary)
  8 rats
  A rat zombie (D:7)
176 creatures vanquished.

Vanquished Creatures (others)
  An orc wizard (D:4)
  10 plants
11 creatures vanquished.

Grand Total: 187 creatures vanquished

Notes
Turn   | Place    | Note
-------+----------+-------------------------------------------
     0 | D:1      | Strat the Palentonga Hunter began the quest for the Orb.
     0 | D:1      | Reached XP level 1. HP: 17/17 MP: 1/1
   188 | D:1      | Reached XP level 2. HP: 24/24 MP: 2/2
   334 | D:1      | Reached skill level 1 in Maces & Flails
   502 | D:1      | Reached XP level 3. HP: 29/29 MP: 3/3
   872 | D:1      | Reached skill level 2 in Maces & Flails
  1515 | D:2      | Reached skill level 3 in Maces & Flails
  1515 | D:2      | Reached XP level 4. HP: 13/36 MP: 4/4
  1886 | D:2      | Noticed a scorpion
  1891 | D:2      | Killed a scorpion
  1892 | D:2      | Reached skill level 4 in Maces & Flails
  2053 | D:2      | Reached XP level 5. HP: 42/42 MP: 5/5
  2407 | D:2      | Found a faded altar of an unknown god.
  3316 | D:3      | Reached skill level 5 in Maces & Flails
  3966 | D:4      | Found Qotz's Magic Scroll Boutique.
  4019 | D:4      | Reached XP level 6. HP: 26/49 MP: 6/6
  4315 | D:4      | Reached skill level 6 in Maces & Flails
  5726 | D:4      | Reached skill level 7 in Maces & Flails
  5726 | D:4      | Gained mutation: You curl defensively after being hit. (AC
                  | +7*) [Palentonga growth]
  5726 | D:4      | Reached XP level 7. HP: 54/54 MP: 7/7
  5832 | D:5      | Entered Level 5 of the Dungeon
  6566 | D:5      | Reached skill level 8 in Maces & Flails
  6817 | D:6      | Reached skill level 1 in Armour
  6892 | D:6      | Found a staircase to the Ecumenical Temple.
  6913 | D:6      | Reached XP level 8. HP: 30/64 MP: 8/8
  6924 | Temple   | Entered the Ecumenical Temple
  7316 | Temple   | Became a worshipper of Makhleb the Destroyer
  7980 | D:7      | Found a sand-covered staircase.
  7988 | Ossuary  | Entered an ossuary
  8787 | D:7      | Reached * piety under Makhleb
  8943 | D:7      | Found a white marble altar of Elyvilon.
  9005 | D:7      | Identified the +5 spear "Opes Sah" {venom, rC++}
  9005 | D:7      | Identified the +0 scale mail of Ucvipuja {-Cast Harm Dex+2}
  9142 | D:7      | Noticed a3don's ghost (amateur DsIE)
  9274 | D:7      | Identified the ring "Cocvev" {rN+ Int+3 Dex+6}
  9314 | D:7      | Found a broken altar of Ashenzari.
  9343 | D:7      | Found a transporter.
  9343 | D:7      | Found a transporter.
  9450 | D:7      | Found an iron altar of Okawaru.
  9624 | D:8      | Reached skill level 5 in Fighting
  9624 | D:8      | Reached skill level 9 in Maces & Flails
  9944 | D:8      | Noticed a meliai
 10189 | D:8      | Reached XP level 9. HP: 18/72 MP: 9/9
 10500 | D:8      | Found a staircase to the Lair.
 10962 | D:8      | Reached skill level 10 in Maces & Flails
 11011 | D:8      | Killed a meliai
 11012 | D:8      | Reached skill level 5 in Armour
 11012 | D:8      | Reached skill level 1 in Invocations
 12343 | D:8      | Reached skill level 1 in Axes
 13725 | D:9      | Reached XP level 10. HP: 63/75 MP: 13/13
 13912 | D:9      | Noticed a two-headed ogre
 13933 | D:9      | Killed a two-headed ogre
 14765 | D:10     | Entered Level 10 of the Dungeon
 14765 | D:10     | Found a staircase to the Orcish Mines.
 14765 | D:10     | Found Kausonuwk's Armour Shop.
 14865 | D:10     | Found a flagged portal.
 14876 | D:10     | Reached skill level 5 in Axes
 14876 | D:10     | Reached skill level 5 in Invocations
 14891 | Bailey   | Entered a bailey
 15072 | Bailey   | HP: 1/84 [spriggan (9)]
 15072 | Bailey   | Slain by a spriggan

Illustrated notes

Levels and vault maps discovered:
D:1:      sevenhm_arrival_forest_fort_small_5, layout_loops_corners,
          chequers_serial_rivers_small_3, st_stairs_4, minmay_tripent
D:2:      layout_basic, chequers_ecumenical_altar_twisty
D:3:      layout_basic, serial_forest, infiniplex_forest_lined_room_3,
          infiniplex_forest_clump_tiny, infiniplex_forest_clump_small,
          infiniplex_forest_clump_long, infiniplex_forest_clump_curved,
          infiniplex_forest_end_2
D:4:      layout_loops_cross, serial_shops, shop
D:5:      layout_gridville
D:6:      layout_gridville, minmay_temple_entry_offerings
D:7:      layout_loops_ring, mainiacjoe_overflow_boulevard,
          mainiacjoe_overflow_divided_tiny, enter_ossuary_4,
          gammafunk_ghost_gnarly_gnolls
D:8:      layout_loops_cross, david_lair_generic, minmay_manual_monstrance
D:9:      layout_basic, st_stairs_13
D:10:     layout_basic, orc_david_3, serial_shops, nicolae_shop_stone,
          enter_bailey_3, biasface_ghost_orc_armoury
Temple:   mainiacjoe_temple_bowtie_tessellation
Bailey:   bailey_polearm_enchanted_keep_hellmonk, bailey

Skill      XL: |  1  2  3  4  5  6  7  8  9 10 |
---------------+-------------------------------+-----
Maces & Flails | 1 3 4 5 7 8 9 10 | 10.4
Fighting       | 3 5 6 7 |  7.0
Armour         | 1 4 5 |  5.0
Invocations    | 4 5 |  5.1
Axes           | 3 5 |  5.3
Slings         | |  2.9
Dodging        | |  1.5
Stealth        | |  0.5

Action                   |  1- 3 |  4- 6 |  7- 9 | 10-12 || total
-------------------------+-------+-------+-------+-------++-------
Melee: Flail             |    19 |    99 |   246 |     3 ||   367
       Tailslap          |     2 |     9 |    49 |     4 ||    64
       Punch             |       |     1 |     5 |       ||     6
       Battleaxe         |       |       |    42 |    26 ||    68
 Fire: Hunting sling     |    66 |   123 |    81 |    13 ||   283
Evoke: Wand              |       |       |       |     1 ||     1
  Use: Scroll            |       |       |    21 |       ||    21
       Potion            |       |       |     4 |     2 ||     6
 Stab: Invisible         |       |       |     1 |       ||     1
       Paralysed         |       |       |       |     4 ||     4
Armor: Leather armour    |     4 |       |       |       ||     4
       Scale mail        |    12 |    66 |   174 |    19 ||   271
       Ring mail         |       |     5 |       |       ||     5
Dodge: Dodged            |    13 |    62 |   133 |    19 ||   227
